Map: Oblivion Express

Players

raincamp

  • Race: Terran Terran
  • Spawn Location: 12:00

raincamp

  • Race: Terran Terran
  • Spawn Location: 0:00

VOD

Have the link to the VOD?

Description

Time

  • Played on: Dec. 29, 2017, 6:37 a.m.
  • Length: 24:29
Show
View Real Time Build Order
Export as new Build Order

raincamp Terran 

Build Orders:  

Get SALT Encoding   

  12  0:03  SCV  
  13  0:20  SCV  
  13  0:27  Refinery  
  14  0:37  SCV  
  15  0:43  Refinery  
  15  0:54  SCV  
  16  1:11  SCV  
  17  1:28  SCV  
  18  1:46  SCV  
  19  1:55  Barracks  
  19  2:05  Command Center  
  19  2:08  SCV  
  20  2:25  SCV  
  21  2:42  SCV  
  22  3:12  Elite Marine  
  22  3:18  SCV  
  27  3:32  Factory  
  27  3:35  SCV  
  28  3:46  SCV  
  29  3:52  Refinery  
  29  4:01  Refinery  
  29  4:02  SCV  
  29  4:06  SCV  
  31  4:15  Engineering Bay  
  31  4:19  Barracks Tech Lab  
  31  4:27  SCV  
  31  4:28  SCV  
  33  4:46  Starport  
  33  4:54  Armory  
  33  4:57  Super Stimpack  
  33  5:07  SCV  
  34  5:26  SCV x2  
  36  5:39  Starport Tech Lab, Factory Tech Lab  
  36  5:42  Laser Targeting System  
  36  5:43  SCV x2  
  38  6:00  SCV x2  
  38  6:04  Terran Infantry Weapons Level 1  
  38  6:05  Terran Vehicle and Ship Weapons Level 1  
  40  6:12  Hellbat Rangers  
  44  6:35  SCV  
  45  6:51  Spider Mines  
  45  6:55  Suppression Shells  
  45  6:58  Raid Artillery  
  45  7:21  Graduating Range  
  45  7:25  Suppression Shells  
  45  7:28  Smart Servos  
  45  7:35  Ghost Visor  
  45  7:53  Heavy Siege Tank  
  51  8:06  Lockdown Missiles, Elite Marine  
  55  8:18  Hellbat Rangers  
  59  8:51  Ares-Class Targeting System  
  59  9:12  Tactical Airlift  
  59  9:25  Raid Liberator  
  65  10:53  Strike Goliath  
  71  11:24  Defensive Drone  
  71  11:27  Griffin Airstrike  
  71  11:32  Raid Liberator  
  77  11:54  Terran Vehicle and Ship Weapons Level 2  
  77  12:52  Terran Infantry Weapons Level 2  
  77  13:13  Operational Efficiency  
  77  13:43  Instant Regeneration  
  77  13:55  Defensive Drone  
  77  13:58  Instant Regeneration  
  77  14:01  Elite Marine  
  77  14:02  Hellbat Rangers  
  84  14:35  Griffin Airstrike  
  84  14:46  Defensive Drone  
  84  15:08  Griffin Airstrike  
  84  15:13  Defensive Drone  
  84  15:26  Terran Vehicle and Ship Weapons Level 3  
  84  16:07  Terran Infantry Weapons Level 3  
  84  16:09  Raid Liberator  
  90  16:14  Defensive Drone  
  90  16:15  Defensive Drone  
  87  17:22  Heavy Siege Tank  
  93  17:31  Defensive Drone  
  93  17:49  Griffin Airstrike  
  93  18:21  Elite Marine  
  97  18:39  Defensive Drone  
  96  19:33  Hellbat Rangers  
  100  19:41  Defensive Drone  
  100  19:45  Griffin Airstrike  
  96  21:09  Defensive Drone  
  96  21:10  Griffin Airstrike  
  96  21:31  Defensive Drone  
  96  21:37  Defensive Drone  
  96  21:45  Tactical Airlift  
  98  21:54  Griffin Airstrike  
  96  22:05  Defensive Drone  
  94  22:39  Raid Liberator  
  95  22:58  Instant Regeneration  
  78  23:04  Elite Marine  
  78  23:05  Hellbat Rangers  
  78  23:06  Heavy Siege Tank  
  78  23:07  Heavy Siege Tank  
  87  23:14  Defensive Drone  
  87  23:16  Defensive Drone  
  63  23:34  Instant Regeneration  
Show
View Real Time Build Order
Export as new Build Order

raincamp Terran 

Build Orders:  

Get SALT Encoding   

  11  1:06  Supply Depot  
  11  1:33  Supply Depot  
  11  1:44  Supply Depot  
Tags
 
Commander
NovaRaynor
Matchup
Co-op
Replay Pack
Co-op Speedrun
Add a new tag
Caveats
  • Supply blocks, unpowered buildings, or Contaminate may cause inaccurate times.
  • Supply counts are checked every 10 seconds.